 Dungeon Crawl Stone Soup version 0.19-a0-1091-g463c9de (webtiles) character file.

51 HaroldButt the Conjurer (level 3, 0/19 HPs)
             Began as a Deep Elf Conjurer on Aug 7, 2016.
             Killed from afar by Sigmund (4 damage)
             ... with a magic dart
             ... on level 3 of the Dungeon.
             The game lasted 00:05:04 (1652 turns).

HaroldButt the Conjurer (Deep Elf Conjurer)         Turns: 1652, Time: 00:05:05

Health: 0/19       AC:  3    Str:  5    XL:     3   Next: 57%
Magic:  8/9        EV: 13    Int: 20    God:
Gold:   87         SH:  0    Dex: 15    Spells: 2 memorised, 5 levels left

rFire  . . .     SeeInvis .     n - +0 short sword
rCold  . . .     Gourm    .     a - +0 robe
rNeg   . . .     Faith    .     (no shield)
rPois  .         Spirit   .     (no helmet)
rElec  .         Dismiss  .     q - +0 cloak (curse)
rCorr  .         Reflect  .     (no gloves)
SustAt .         Harm     .     (no boots)
MR     .....                    (no amulet)
Stlth  +.........               (no ring)
                                (no ring)

@: confused
A: no striking features
a: no special abilities


You were on level 3 of the Dungeon.
You were not hungry.

You visited 1 branch of the dungeon, and saw 3 of its levels.

You collected 87 gold pieces.

Inventory:

Hand Weapons
 n - a +0 short sword (weapon)
Armour
 a - a +0 robe (worn)
 q - a cursed +0 cloak (worn)
Scrolls
 d - 3 scrolls of identify {unknown}
 f - 2 scrolls of random uselessness {unknown}
 g - a scroll of immolation {unknown}
 j - a scroll of fear {unknown}
 k - a scroll of recharging {unknown}
 l - a scroll of remove curse {unknown}
 m - a scroll of teleportation {unknown}
 p - a scroll of fog {unknown}
Potions
 e - 2 potions of heal wounds {unknown}
 i - a potion of resistance {unknown}
 o - a potion of curing {unknown}
Books
 b - a book of Conjurations

   Spells                             Type                      Level
   a - Magic Dart                     Conjuration                  1
   b - Searing Ray                    Conjuration                  2
   c - Dazzling Spray                 Conjuration/Hexes            3
   d - Fulminant Prism                Conjuration/Hexes            4
   e - Iskenderun's Mystic Blast      Conjuration                  4
   f - Iskenderun's Battlesphere      Conjuration/Charms           5
Comestibles
 c - 2 bread rations
 h - 2 slices of pizza
 r - 2 chunks of flesh


   Skills:
 - Level 2.4 Dodging
 - Level 2.4 Stealth
 - Level 3.3 Spellcasting
 * Level 5.7 Conjurations


You had 5 spell levels left.
You knew the following spells:

 Your Spells              Type           Power        Failure   Level  Hunger
a - Magic Dart            Conj           ####         1%          1    None
b - Searing Ray           Conj           ####..       1%          2    ##.....


Dungeon Overview and Level Annotations

Branches:
Dungeon (3/15)

Altars:

Annotations:
D:3 Sigmund


Message History

Press: ? - help, Shift-Dir - straight line The magic dart hits something.
Casting: Magic Dart
Confirm with . or Enter, or press ? or * to list all spells.
Aiming: Magic Dart
Press: ? - help, Shift-Dir - straight line The magic dart hits something.
You open the door.
There is an open door here.
Something hits you.
You hear some strange, mumbled words.
Something tries to affect you, but you resist.
Something hits you!
Ouch! That really hurt!
* * * LOW HITPOINT WARNING * * *
You hear some strange, mumbled words.
You are confused.
A magic dart appears from out of thin air!
The magic dart hits you!
You die...

#.#.##.#######.# #....#
#>#.##.# #.# #.#### #.#.##.#
##'## #.# #......# ##...##
#.# ###)#### ##.....## #.##
#..## ##.......## #..##
##...####.........####...###
#.......+....{....'.........
###...####..@......####...#.#
#....## ##.......## ##.##.#
#.#### ##.....## ### .# #.#
##...## .# #.# ##'## .# #.#
#.# {# #.# #.# .#
####.############.##
#....).............##


There were no monsters in sight!

Vanquished Creatures
  An adder (D:2)
  A dart slug (D:1)
  2 giant geckos
  4 bats
  4 giant cockroaches
  2 goblins (D:3)
  4 hobgoblins
  3 jackals (D:2)
  4 kobolds (D:2)
  A quokka (D:2)
  2 ball pythons (D:1)
  2 giant newts (D:2)
  4 rats
34 creatures vanquished.

Notes
Turn   | Place    | Note
-------+----------+-------------------------------------------
     0 | D:1      | HaroldButt the Deep Elf Conjurer began the quest for the Orb.
     0 | D:1      | Reached XP level 1. HP: 10/10 MP: 6/6
   206 | D:1      | Reached XP level 2. HP: 9/15 MP: 2/8
   692 | D:2      | Reached skill level 5 in Conjurations
   699 | D:2      | Learned a level 2 spell: Searing Ray
  1062 | D:2      | Reached XP level 3. HP: 19/19 MP: 4/9
  1632 | D:3      | Noticed Sigmund
  1652 | D:3      | Killed from afar by Sigmund

Vault maps used:
D:1:      dpeg_arrival_arbitrary_b
D:3:      uniq_sigmund

Skill      XL: |  1  2 |
---------------+-------+-----
Conjurations   | 5 |  5.7
Dodging        | |  2.4
Stealth        | |  2.4
Spellcasting   | |  3.3

Action                   || total
-------------------------++-------
Melee: Short sword       ||     3
 Cast: Magic Dart        ||    62
       Searing Ray       ||     1
  Eat: Chunk             ||     2
Dodge: Dodged            ||     5
